 Dungeon Crawl Stone Soup version 0.26-a0-40-gfe7b5d5 (webtiles) character file.

Game seed: 1033346243902617795, levelgen mode: deterministic

3923 BlueFish the Insei (level 10, -10/66 HPs)
             Began as an Octopode Warper on May 31, 2020.
             Was a Follower of Cheibriados.
             Mangled by a yak (11 damage)
             ... on level 9 of the Dungeon.
             The game lasted 00:23:50 (8674 turns).

BlueFish the Insei (Octopode Warper)                Turns: 8674, Time: 00:23:50

Health: -10/66     AC:  1    Str: 21    XL:     10   Next: 20%
Magic:  7/14       EV: 16    Int: 17    God:    Cheibriados [*.....]
Gold:   374        SH:  6    Dex: 15    Spells: 5/15 levels left

rFire    . . .     SeeInvis .     - Unarmed
rCold    . . .     Gourm    .   h - +1 buckler
rNeg     . . .     Faith    .   (helmet restricted)
rPois    +         Spirit   .   (no amulet)
rElec    .         Reflect  .   n - ring of poison resistance
rCorr    +         Harm     .   u - +6 ring of strength
MR       .....                  x - ring of resist corrosion
Stlth    ++++......             (no ring)
HPRegen  0.21/turn              (no ring)
MPRegen  0.14/turn              (no ring)
                                (no ring)
                                (no ring)

@: very slow
A: almost no armour, stealthy swim, amphibious, 8 rings, constrict 8, camouflage
1, gelatinous body 1
a: Bend Time, Renounce Religion


You were on level 9 of the Dungeon.
You worshipped Cheibriados.
Cheibriados was aware of your devotion.
You were not hungry.

You visited 2 branches of the dungeon, and saw 10 of its levels.
You also visited: Ossuary.

You collected 374 gold pieces.

Inventory:

Hand Weapons
 G - a +1 halberd of protection
 H - a +0 antimagic battleaxe
Missiles
 c - 5 boomerangs of dispersal
 e - 227 arrows
 g - 154 stones
 C - 3 javelins (quivered)
 K - 3 boomerangs
Armour
 h - a +1 buckler (worn)
Jewellery
 n - a ring of poison resistance (left tentacle)
 u - a +6 ring of strength (right tentacle)
 x - a ring of resist corrosion (on tentacle)
Wands
 m - a wand of random effects (12)
 p - a wand of polymorph (12)
 w - a wand of paralysis (11)
 z - a wand of digging (6)
 J - a wand of flame (26)
Scrolls
 b - a scroll of blinking
 f - a scroll of amnesia
 j - a scroll of fog {unknown}
 o - 2 scrolls of enchant armour
 q - 2 scrolls of teleportation
 r - 2 scrolls of enchant weapon
 y - 5 scrolls of remove curse
 F - a scroll of identify
 I - a scroll of fear {unknown}
 L - a scroll of immolation {unknown}
 M - a scroll of summoning {unknown}
Potions
 a - 2 potions of cancellation
 i - 2 potions of berserk rage
 k - 2 potions of flight
 l - a potion of brilliance {unknown}
 s - a potion of mutation {unknown}
 t - a potion of haste {unknown}
 v - 4 potions of curing
 A - a potion of ambrosia {unknown}
 B - 6 potions of lignification
 D - 3 potions of stabbing
 E - 3 potions of might
Comestibles
 d - 10 rations


   Skills:
 * Level 5.0 Fighting
 * Level 4.6 Throwing
 * Level 5.2 Dodging
 * Level 6.4 Stealth
 * Level 4.8 Shields
 * Level 7.6 Unarmed Combat
 + Level 3.2 Spellcasting
 + Level 1.9 Charms
 * Level 5.3 Translocations
 * Level 2.7 Invocations


You had 5 spell levels left.
You knew the following spells:

 Your Spells              Type           Power        Failure   Level  Hunger
a - Shroud of Golubria    Chrm/Tloc      ###...       6%          2    ##.....
b - Blink                 Tloc           N/A          3%          2    ##.....
c - Lesser Beckoning      Tloc           ###.......   6%          3    ###....
d - Teleport Other        Tloc           ###.....     6%          3    ###....

Your spell library contained the following spells:

 Spells                   Type           Power        Failure   Level  Hunger
 Gell's Gravitas          Tloc           ###.......   6%          3    ###....
 Beastly Appendage        Tmut           #.....       17%         1    None
 Corona                   Hex            #......      17%         1    None
 Foxfire                  Conj/Fire      #...         17%         1    None
 Sandblast                Erth           #.....       17%         1    None
 Sting                    Tmut/Pois      #...         17%         1    None
 Portal Projectile        Hex/Tloc       ##....       17%         3    ###....
 Passage of Golubria      Tloc           N/A          19%         4    ####...
 Passwall                 Tmut/Erth      #.......     26%         2    ##.....
 Poisonous Vapours        Pois/Air       #.....       26%         2    ##.....
 Slow                     Hex            #.......     26%         2    ##.....
 Sticks to Snakes         Tmut           #.......     26%         2    ##.....
 Confusing Touch          Hex            #.......     45%         3    ###....
 Conjure Flame            Conj/Fire      #.......     45%         3    ###....
 Ignite Poison            Fire/Tmut/Pois #.......     45%         3    ###....
 Inner Flame              Hex/Fire       #.......     45%         3    ###....
 Mephitic Cloud           Conj/Pois/Air  #.......     45%         3    ###....
 Spider Form              Tmut/Pois      #.........   45%         3    ###....
 Stone Arrow              Conj/Erth      #.....       45%         3    ###....
 Cause Fear               Hex            #.........   86%         4    ####...
 Ice Form                 Ice/Tmut       #.......     86%         4    ####...
 Leda's Liquefaction      Hex/Erth       #.........   86%         4    ####...
 Olgreb's Toxic Radiance  Pois           #.......     86%         4    ####...
 Petrify                  Tmut/Erth      #.......     86%         4    ####...
 Sticky Flame             Conj/Fire      #.......     86%         4    ####...
 Blade Hands              Tmut           #.........   99%         5    ######.
 Fireball                 Conj/Fire      #.........   99%         5    ######.
 Lee's Rapid Deconstruct  Erth           #.........   99%         5    ######.
 Metabolic Englaciation   Hex/Ice        #.........   99%         5    ######.
 Yara's Violent Unravell  Hex/Tmut       #.........   99%         5    ######.


Dungeon Overview and Level Annotations

Branches:
Dungeon (9/15)             Temple (1/1) D:7            Lair (0/6) D:8
Ossuary (visited)
    Orc: D:9-12

Altars:
Cheibriados
Dithmenos
Hepliaklqana
Nemelex Xobeh
Okawaru
Trog
Yredelemnul

Shops:
D:8 %

Annotations:
D:8 Pikel
D:9 3 runed translucent doors, XxsatanxX's ghost, journeyman DsFi


Innate Abilities, Weirdness & Mutations

You cannot wear most types of armour.
You are very stealthy in the water. (Stealth+)
You are amphibious.
You can wear up to eight rings at the same time.
You can use your tentacles to constrict eight enemies at once.
Your skin changes colour to match your surroundings (Stealth+).
Your rubbery body absorbs attacks. (AC +1, EV +1)


Message History

You tentacle-slap the yak but do no damage.
You tentacle-slap the yak, but do no damage.
Your squeeze misses the yak.
The yak is lightly wounded.
You tentacle-slap the yak but do no damage.
Your squeeze misses the yak.
The yak is lightly wounded.
The yak gores you!
* * * LOW HITPOINT WARNING * * *
Your shroud falls apart!
You don't have the energy to cast that spell.
You eat one of the 11 rations.
That ration really hit the spot!
The yak gores you!
* * * LOW HITPOINT WARNING * * *
The yak gores you.
* * * LOW HITPOINT WARNING * * *
Casting: Shroud of Golubria (safe; 6% risk of failure)
Confirm with . or Enter, or press ? or * to list all spells.
You blink.
The yak gores you!
You die...

##....######## #$#
###..# #.# #..# #.#
#..# #.# #..# #.#
####..# # ##.##
#.....#####...
#...###.).#.......#
#§Y@....(.#...######
#.Y.###.#####.......
##### #.. #...######
#...#.#.# .....###.#
#...## #.# ##.#. ##
#.##. #


You could see 2 yaks.

Vanquished Creatures
  A two-headed ogre (D:9)
  A gargoyle (D:7)
  Sigmund (D:2)
  A vampire (D:9)
  A wyvern (D:8)
  A yak (D:9)
  A hungry ghost (D:9)
  3 orc warriors
  A slave (D:7)
  A sky beast (D:9)
  2 ogres
  2 phantoms
  2 elf zombies (Ossuary)
  2 bullfrogs
  A scorpion (D:4)
  2 crimson imps (D:5)
  3 centaur zombies
  A bullfrog skeleton (D:4)
  2 hounds
  2 jellies
  3 human zombies (Ossuary)
  4 orc priests
  6 orc wizards
  A centaur skeleton (D:7)
  8 worker ants
  An iguana (D:5)
  A big kobold zombie (Ossuary)
  A hound skeleton (D:4)
  2 mummies (Ossuary)
  2 worker ant zombies (D:9)
  7 gnolls
  6 adders
  A shadow imp (D:5)
  2 adder zombies (Ossuary)
  5 worms
  2 dart slugs
  2 leopard geckos
  27 orcs
  8 bats
  6 giant cockroaches
  6 hobgoblins
  3 jackals
  8 kobolds
  A ball python (D:3)
  10 frilled lizards
  8 goblins
  11 hobgoblin zombies (Ossuary)
  2 jackal zombies
  9 kobold zombies (Ossuary)
  A leopard gecko zombie (D:9)
  6 orc zombies (Ossuary)
  A quokka zombie (D:5)
  5 rats
197 creatures vanquished.

Notes
Turn   | Place    | Note
-------+----------+-------------------------------------------
     0 | D:1      | BlueFish the Octopode Warper began the quest for the Orb.
     0 | D:1      | Reached XP level 1. HP: 14/14 MP: 3/3
   166 | D:1      | Reached XP level 2. HP: 15/19 MP: 5/5
   187 | D:1      | Learned a level 2 spell: Shroud of Golubria
   190 | D:1      | Learned a level 2 spell: Blink
   247 | D:1      | Reached skill level 1 in Stealth
   881 | D:2      | Reached XP level 3. HP: 9/24 MP: 6/6
  1161 | D:2      | Reached XP level 4. HP: 21/29 MP: 7/7
  1822 | D:2      | Noticed Sigmund
  1832 | D:2      | Killed Sigmund
  1832 | D:2      | Reached skill level 1 in Shields
  1832 | D:2      | Reached skill level 3 in Unarmed Combat
  1832 | D:2      | Reached XP level 5. HP: 35/35 MP: 8/8
  2106 | D:2      | Reached XP level 6. HP: 32/41 MP: 9/9
  2111 | D:2      | Learned a level 3 spell: Lesser Beckoning
  2408 | D:3      | Found a shadowy altar of Dithmenos.
  2930 | D:3      | Found a basalt altar of Yredelemnul.
  3118 | D:3      | Found an iron altar of Okawaru.
  3202 | D:3      | Found a faded altar of an unknown god.
  3319 | D:4      | Reached XP level 7. HP: 45/45 MP: 8/10
  3328 | D:4      | Learned a level 3 spell: Teleport Other
  3346 | D:4      | Reached skill level 4 in Unarmed Combat
  3554 | D:4      | Found a sparkling altar of Nemelex Xobeh.
  4033 | D:5      | Entered Level 5 of the Dungeon
  4400 | D:5      | Got a transparent quarterstaff
  4978 | D:6      | Found a sand-covered staircase.
  4984 | Ossuary  | Entered an ossuary
  5164 | Ossuary  | Reached XP level 8. HP: 38/52 MP: 8/11
  5172 | Ossuary  | Reached skill level 1 in Charms
  5196 | Ossuary  | Reached skill level 5 in Unarmed Combat
  5607 | D:6      | Reached skill level 5 in Stealth
  5794 | D:6      | Reached skill level 6 in Unarmed Combat
  6040 | D:6      | Reached XP level 9. HP: 41/58 MP: 5/13
  6586 | D:7      | Found a staircase to the Ecumenical Temple.
  6615 | Temple   | Entered the Ecumenical Temple
  6620 | Temple   | Became a worshipper of Cheibriados the Contemplative
  6719 | D:7      | Noticed a gargoyle
  6737 | D:7      | Killed a gargoyle
  7019 | D:7      | Reached skill level 1 in Invocations
  7152 | D:7      | Found a bloodstained altar of Trog.
  7519 | D:8      | Found Jupnom's Food Shop.
  7521 | D:8      | Noticed Pikel
  7579 | D:8      | Found a staircase to the Lair.
  7745 | D:8      | Reached skill level 7 in Unarmed Combat
  7829 | D:8      | Reached skill level 5 in Translocations
  8088 | D:9      | Noticed a two-headed ogre
  8102 | D:9      | Killed a two-headed ogre
  8102 | D:9      | Reached skill level 5 in Dodging
  8102 | D:9      | Reached XP level 10. HP: 22/65 MP: 10/14
  8306 | D:9      | Found a runed translucent gate.
  8306 | D:9      | Found a runed translucent gate.
  8307 | D:9      | Found a runed translucent gate.
  8310 | D:9      | Noticed XxsatanxX's ghost (journeyman DsFi)
  8312 | D:9      | Noticed an ogre mage
  8435 | D:9      | Reached * piety under Cheibriados
  8668 | D:9      | Reached skill level 5 in Fighting
  8673 | D:9      | HP: 1/66 [yak (6)]
  8674 | D:9      | Mangled by a yak

Illustrated notes

Levels and vault maps discovered:
D:1:      sevenhm_arrival_forest_fort_small_4, layout_loops_ring
D:2:      layout_basic, nicolae_overflow_hidden_temple, minmay_joined_circles,
          uniq_sigmund
D:3:      layout_rooms, nicolae_dithmenos_shadow_blocks, lemuel_crystal_altar,
          lemuel_coloured_pillars_altar, chequers_ecumenical_altar_lobes
D:4:      layout_loops_ring, lemuel_crystal_altar
D:5:      layout_loops_corners, first_ration
D:6:      layout_cave_pools, nicolae_ossuary_entry_plus, supply_closet_lemuel,
          minmay_statues_item, grunt_decor_one_mirror
D:7:      layout_loops_ring, overflow_temple_1_default,
          minmay_temple_entry_gardened_gates
D:8:      layout_cave_pools, dpeg_oklobed_lair, serial_shops,
          nicolae_shop_trees, uniq_pikel
D:9:      layout_loops_ring, gammafunk_ghost_split
Temple:   nicolae_temple_elliptical

Skill      XL: |  1  2  3  4  5  6  7  8  9 10 |
---------------+-------------------------------+-----
Stealth        | 1 2 3 4 5 6 |  6.4
Dodging        | 3 4 5 |  5.2
Shields        | 1 2 3 4 |  4.8
Unarmed Combat | 3 4 6 7 |  7.6
Throwing       | 2 3 4 |  4.6
Fighting       | 3 4 5 |  5.0
Charms         | 1 |  1.9
Translocations | 4 5 |  5.3
Invocations    | 2 |  2.7
Spellcasting   | 3 |  3.2

Action                   |  1- 3 |  4- 6 |  7- 9 | 10-12 || total
-------------------------+-------+-------+-------+-------++-------
Melee: Unarmed           |    65 |   139 |   335 |    40 ||   579
       Constrict         |    18 |    36 |    81 |     3 ||   138
       Tentacles         |    11 |    22 |    77 |    10 ||   120
       Punch             |       |     1 |    28 |     1 ||    30
Throw: Stone             |     1 |    18 |    62 |       ||    81
       Boomerang         |       |       |    15 |     4 ||    19
       Javelin           |       |       |       |     2 ||     2
 Cast: Shroud of Golubri |       |     8 |    51 |     9 ||    68
       Blink             |       |       |     3 |     2 ||     5
       Lesser Beckoning  |       |       |     1 |       ||     1
  Use: Scroll            |     5 |     5 |     7 |       ||    17
       Potion            |       |       |     2 |       ||     2
 Stab: Sleeping          |     7 |    12 |    14 |       ||    33
       Distracted        |       |       |     1 |     1 ||     2
  Eat: Chunk             |     1 |     7 |    13 |     1 ||    22
       Ration            |       |       |     2 |     1 ||     3
Armor: Skin              |     4 |    10 |     2 |     2 ||    18
Dodge: Dodged            |    38 |    73 |   121 |    17 ||   249
Block: Buckler           |     1 |    18 |    50 |     7 ||    76

Table legend:
 A = Non-vault XP
 B = Vault XP
 C = Vault XP percentage of total XP
 D = Non-vault monster count
 E = Vault monster count
 F = Vault count percentage of total count
                 A         B        C        D         E       F
            +---------+---------+-------+---------+---------+-------
      Total |    4868 |     737 |  13.1 |     146 |      50 |  25.5
            +---------+---------+-------+---------+---------+-------
        D:1 |      29 |       0 |   0.0 |      16 |       0 |   0.0
        D:2 |      58 |     234 |  80.1 |      18 |      11 |  37.9
        D:3 |     181 |       0 |   0.0 |      29 |       0 |   0.0
        D:4 |     300 |       0 |   0.0 |      12 |       0 |   0.0
        D:5 |     378 |       0 |   0.0 |      23 |       0 |   0.0
        D:6 |     894 |       0 |   0.0 |      25 |       0 |   0.0
        D:7 |     725 |       0 |   0.0 |       6 |       0 |   0.0
        D:8 |     635 |       0 |   0.0 |       7 |       0 |   0.0
        D:9 |    1668 |       0 |   0.0 |      10 |       0 |   0.0
    Ossuary |       0 |     503 | 100.0 |       0 |      39 | 100.0
            +---------+---------+-------+---------+---------+-------
